Map: Eastwatch LE

Players

SpeCial - Winner!

  • Race: Terran Terran
  • League: Master
  • Spawn Location: 7:00

KignisVirgen

  • Race: Zerg Zerg
  • League: Master
  • Spawn Location: 1:00

VOD

Have the link to the VOD?

Description

Time

  • Played on: Feb. 1, 2018, 6:32 p.m.
  • Length: 10:22
Show
View Real Time Build Order
Export as new Build Order

SpeCial Terran - Winner!

Build Orders: Liberator Opening, Reaper Expand, MMM Bio 

Get SALT Encoding   

  12  0:00  SCV  
  13  0:12  SCV  
  14  0:18  Supply Depot  
  14  0:24  SCV  
  15  0:40  SCV  
  15  0:41  Barracks  
  16  0:43  Refinery  
  16  0:52  SCV  
  17  1:04  SCV  
  18  1:16  SCV  
  19  1:29  Reaper, Orbital Command  
  20  1:39  Command Center  
  20  1:50  Supply Depot  
  20  1:55  SCV  
  21  2:01  Marine  
  21  2:04  Factory  
  21  2:07  SCV  
  23  2:15  Refinery  
  23  2:19  SCV  
  23  2:21  Barracks Reactor  
  24  2:32  SCV  
  25  2:44  SCV  
  26  2:52  Orbital Command  
  26  2:54  Starport  
  26  2:56  SCV  
  27  3:02  Hellion x2  
  31  3:08  SCV  
  32  3:17  SCV  
  33  3:20  SCV, Barracks Tech Lab  
  33  3:24  Hellion x2  
  38  3:29  Supply Depot  
  38  3:30  SCV  
  38  3:32  Viking  
  41  3:36  SCV  
  42  3:42  SCV  
  42  3:43  Stimpack  
  42  3:48  SCV, Liberator  
  44  3:54  SCV  
  45  4:00  SCV  
  45  4:03  Command Center  
  45  4:06  SCV  
  45  4:07  Marine  
  50  4:12  SCV  
  51  4:17  Supply Depot  
  51  4:18  SCV  
  51  4:20  Barracks  
  52  4:25  SCV  
  52  4:27  Barracks  
  52  4:28  Marine  
  54  4:31  Factory Reactor  
  54  4:39  Supply Depot, SCV x2  
  56  4:45  Marine  
  56  4:51  SCV x2, Engineering Bay  
  59  4:53  Engineering Bay  
  59  4:56  Starport Reactor  
  59  5:03  SCV x2, Marine  
  62  5:15  SCV  
  62  5:16  SCV  
  60  5:22  Marine  
  60  5:23  Marine  
  60  5:26  Marine, Factory Reactor  
  61  5:28  Orbital Command  
  61  5:29  Terran Infantry Armor Level 1, Terran Infantry Weapons Level 1  
  61  5:33  Marine x2  
  61  5:34  Refinery  
  61  5:35  Refinery  
  61  5:38  Medivac x2  
  61  5:40  SCV x2, Marine x2  
  69  5:46  Marine  
  70  5:51  Marine x2  
  70  5:56  Missile Turret, Orbital Command  
  72  5:57  SCV  
  72  6:01  Missile Turret, Marine x2  
  72  6:04  Marine  
  72  6:05  Combat Shields  
  72  6:06  SCV  
  72  6:08  Missile Turret  
  72  6:09  SCV  
  72  6:10  Marine x2  
  75  6:16  Widow Mine x2, Medivac  
  81  6:18  Supply Depot  
  81  6:19  SCV, Marine x2  
  81  6:21  SCV  
  85  6:28  SCV, Medivac  
  85  6:31  SCV  
  85  6:32  Missile Turret, Marine x3  
  89  6:33  SCV  
  89  6:36  Marine  
  92  6:40  SCV  
  92  6:43  Widow Mine x2, SCV  
  92  6:45  Supply Depot, Marine  
  99  6:49  Barracks  
  99  6:50  Marine x2  
  99  6:53  Barracks  
  99  6:54  Supply Depot x2  
  101  7:01  Supply Depot  
  101  7:06  Marine x3  
  101  7:07  SCV x3  
  101  7:08  Marine  
  107  7:13  Marine  
  111  7:16  Widow Mine  
  111  7:17  Medivac  
  111  7:19  SCV x3, Medivac  
  118  7:23  Supply Depot  
  118  7:24  Marine x3  
  121  7:31  SCV x3  
  121  7:33  Marine x2  
  121  7:36  Refinery  
  126  7:37  Barracks Reactor, Factory  
  126  7:40  Barracks Reactor  
  126  7:42  Marine x2  
  126  7:43  SCV x2  
  129  7:48  SCV  
  129  7:49  Marine  
  129  7:50  Marine  
  129  7:55  SCV x2, Marine  
  129  7:59  Factory Tech Lab  
  129  8:00  Supply Depot, SCV, Marine  
  129  8:01  Refinery  
  129  8:02  Medivac x2  
  135  8:07  Supply Depot  
  135  8:08  Supply Depot  
  135  8:09  Armory  
  123  8:23  Siege Tank, Marine x7, Marauder  
  123  8:25  SCV x2, Factory Tech Lab  
  123  8:26  Unknown x2  
  137  8:27  Supply Depot  
  137  8:31  Marine  
  138  8:40  Marine  
  138  8:41  Marine x2  
  141  8:44  Marauder  
  141  8:47  Marine  
  141  8:48  Marine x4  
  139  8:54  Supply Depot  
  139  8:55  Siege Tank  
  144  8:58  Siege Tank, Marine  
  144  8:59  Marine  
  143  9:06  Marauder  
  145  9:14  Medivac x2  
  147  9:18  Marine  
  147  9:19  Marine x4  
  152  9:27  Siege Tank  
  152  9:29  Marine  
  152  9:30  Siege Tank  
  159  9:34  Marine x2, Command Center  
  161  9:41  Marine  
  161  9:42  Marine x2  
  161  9:44  Medivac x2  
  168  9:53  Marine x2, Barracks  
  168  9:54  Marine x2, Barracks  
  168  9:55  Barracks  
  168  9:57  Supply Depot  
  168  9:58  Marine  
Show
View Real Time Build Order
Export as new Build Order

KignisVirgen Zerg 

Build Orders: Hatch First 

Get SALT Encoding   

  12  0:00  Drone  
  13  0:12  Overlord  
  13  0:17  Drone  
  14  0:32  Drone x2  
  14  0:35  Drone  
  17  0:53  Hatchery  
  17  0:56  Drone  
  17  1:01  Drone  
  17  1:03  Extractor  
  17  1:12  Drone  
  18  1:19  Spawning Pool  
  18  1:20  Drone  
  18  1:28  Drone  
  19  1:39  Overlord  
  19  1:52  Drone  
  20  2:06  Zergling x2  
  20  2:07  Queen x2, Zergling x2  
  20  2:08  Metabolic Boost  
  26  2:15  Drone  
  27  2:30  Hatchery  
  27  2:35  Drone  
  27  2:42  Drone x3  
  30  2:51  Lair  
  30  2:55  Drone  
  31  3:00  Drone x2  
  31  3:05  Drone x2  
  35  3:10  Overlord  
  35  3:14  Drone  
  35  3:19  Drone, Extractor  
  36  3:30  Zergling x6  
  39  3:39  Drone x3  
  42  3:42  Drone x2  
  42  3:43  Drone  
  44  4:01  Drone x4, Queen, Spire  
  48  4:06  Zergling x4  
  50  4:11  Extractor, Overlord  
  49  4:25  Overlord  
  49  4:29  Drone x3, Queen, Extractor  
  49  4:30  Overlord  
  53  4:31  Drone x3  
  53  4:32  Drone  
  53  4:36  Overlord  
  57  4:42  Zergling x2  
  58  4:48  Drone x4  
  58  4:52  Overlord  
  59  5:09  Zergling x4  
  59  5:10  Zergling x2  
  58  5:17  Mutalisk x4  
  58  5:18  Mutalisk  
  62  5:30  Drone x3  
  62  5:31  Drone x2  
  62  5:33  Mutalisk  
  68  5:36  Drone x4  
  68  5:37  Drone  
  72  5:44  Drone  
  72  5:45  Drone  
  74  5:54  Evolution Chamber  
  74  5:55  Evolution Chamber, Roach Warren  
  71  5:58  Drone x2  
  71  6:00  Overlord  
  73  6:12  Drone  
  73  6:15  Overlord  
  73  6:16  Overlord x2  
  74  6:19  Drone x3  
  74  6:20  Drone x3, Zerg Missile Weapons Level 1  
  80  6:27  Zerg Ground Armor Level 1  
  80  6:28  Overlord  
  80  6:32  Drone x2  
  82  6:40  Glial Reconstitution  
  82  6:42  Roach x5  
  82  6:44  Roach  
  94  6:52  Roach x4  
  102  6:55  Overlord  
  102  6:58  Roach  
  102  6:59  Roach x2  
  108  7:05  Roach x3  
  114  7:09  Overlord  
  114  7:10  Overlord  
  114  7:11  Overlord  
  114  7:13  Overseer  
  118  7:15  Roach x2  
  118  7:17  Ravager x3  
  118  7:18  Ravager  
  122  7:24  Overlord  
  122  7:28  Overseer, Overlord  
  122  7:29  Roach  
  128  7:30  Roach x3  
  130  7:37  Roach x4  
  130  7:41  Roach x2  
  130  7:42  Overlord  
  142  7:54  Roach x2  
  142  7:55  Roach x3  
  149  7:59  Overlord  
  149  8:00  Roach x3  
  155  8:07  Roach x2  
  151  8:15  Hatchery  
  151  8:16  Roach x2  
  151  8:17  Roach x3  
  156  8:29  Roach  
  156  8:30  Roach x2  
  162  8:41  Roach x2  
  162  8:46  Overlord  
  158  8:50  Roach x2  
  158  8:51  Overlord  
  155  8:58  Overlord  
  141  9:07  Overlord  
  141  9:10  Roach  
  141  9:11  Roach x4  
  141  9:16  Zergling x4  
  149  9:19  Extractor  
  149  9:23  Roach  
  149  9:24  Roach x5  
  158  9:25  Drone  
  158  9:26  Drone x2  
  167  9:31  Roach x3  
  169  9:42  Overlord  
  169  9:47  Roach x4  
  169  9:48  Roach x2  
  181  9:53  Roach x2  
  181  9:57  Roach x2  
  181  9:59  Roach  
Tags
 
Add a new tag
Caveats
  • Supply blocks, unpowered buildings, or Contaminate may cause inaccurate times.
  • Supply counts are checked every 10 seconds.